 Dungeon Crawl Stone Soup version 0.24.0-37-gcf1ca852f1 (webtiles) character file.

Game seed: 16551269709328690073, levelgen mode: deterministic

2919 H0rd4k the Thaumaturge (level 9, 0/47 HPs)
             Began as a Deep Elf Wizard on Dec 2, 2019.
             Slain by a warg (11 damage)
             ... on level 8 of the Dungeon on Dec 3, 2019.
             The game lasted 00:18:25 (6856 turns).

H0rd4k the Thaumaturge (Deep Elf Wizard)            Turns: 6856, Time: 00:18:26

Health: 0/47       AC:  4    Str:  4    XL:     9   Next: 50%
Magic:  2/27       EV: 14    Int: 27    God:
Gold:   447        SH:  0    Dex: 13    Spells: 21/33 levels left

rFire    + + .     SeeInvis .   (no weapon)
rCold    . . .     Gourm    .   (no shield)
rNeg     . . .     Faith    .   a - +0 robe
rPois    .         Spirit   .   b - +0 hat
rElec    +         Reflect  .   B - +1 cloak of Valour {rElec rF+}
rCorr    .         Harm     .   (no gloves)
MR       +....                  (no boots)
Stlth    +++.......             (no amulet)
HPRegen  0.15/turn              u - ring of protection from magic
MPRegen  0.20/turn              w - ring of protection from fire

@: no status effects
A: no striking features
a: no special abilities


You were on level 8 of the Dungeon.
You were hungry.

You visited 1 branch of the dungeon, and saw 8 of its levels.

You collected 447 gold pieces.

Inventory:

Missiles
 r - 8 datura-tipped darts (quivered)
Armour
 a - a +0 robe (worn)
 b - a +0 hat (worn)
 y - the +1 ring mail of Uhydwown {rElec}
   (You found it on level 6 of the Dungeon)

   It insulates you from electricity.
 B - the +1 cloak of Valour (worn) {rElec rF+}
   (You found it on level 7 of the Dungeon)

   It protects you from fire.
   It insulates you from electricity.
Jewellery
 u - a ring of protection from magic (left hand)
 w - a ring of protection from fire (right hand)
Wands
 e - a wand of paralysis (8)
 D - a wand of flame (14)
Scrolls
 h - 2 scrolls of remove curse {unknown}
 k - a scroll of amnesia {unknown}
 l - 2 scrolls of blinking {unknown}
 m - 6 scrolls of teleportation {unknown}
 o - 2 scrolls of enchant weapon {unknown}
 p - a scroll of noise {unknown}
 v - a scroll of random uselessness {unknown}
 x - a scroll of brand weapon {unknown}
 z - 6 scrolls of identify
Potions
 c - 2 potions of flight
 f - a potion of berserk rage
 g - 2 potions of curing
 i - a potion of invisibility
 j - 2 potions of heal wounds
 n - 2 potions of ambrosia {unknown}
 q - a potion of brilliance
 s - 4 potions of cancellation
 t - a potion of resistance {unknown}
 A - 2 potions of degeneration
Comestibles
 d - 11 rations


   Skills:
 + Level 1.2 Fighting
 + Level 4.3 Dodging
 + Level 4.0 Stealth
 + Level 12.6 Spellcasting
 + Level 8.0 Conjurations
   Level 1.1 Summonings
 + Level 1.6 Translocations
 + Level 2.4 Fire Magic
 + Level 1.3 Air Magic
 + Level 1.4 Poison Magic


You had 21 spell levels left.
You knew the following spells:

 Your Spells              Type           Power        Failure   Level  Hunger
a - Magic Dart            Conj           ####         1%          1    None
b - Blink                 Tloc           N/A          2%          2    None
c - Conjure Flame         Conj/Fire      #####...     1%          3    None
d - Mephitic Cloud        Conj/Pois/Air  #####...     2%          3    None
e - Gell's Gravitas       Tloc           ####......   4%          3    None

Your spell library contained the following spells:

 Spells                   Type           Power        Failure   Level  Hunger
 Confusing Touch          Hex            ###...       3%          1    None
 Call Imp                 Summ           ###.....     3%          2    None
 Slow                     Hex            ###.....     4%          2    None
 Confuse                  Hex            ###.....     10%         3    None
 Petrify                  Tmut/Erth      ###.....     32%         4    None
 Metabolic Englaciation   Hex/Ice        ###.......   67%         5    ##.....
 Yara's Violent Unravell  Hex/Tmut       ###.......   67%         5    ##.....


Dungeon Overview and Level Annotations

Branches:
Dungeon (8/15)             Temple (0/1) D:7
   Lair: D:8-11

Altars:
Gozag
Nemelex Xobeh
Sif Muna
The Shining One

Annotations:
D:3 exclusion: 2 downstairs
D:4 1 runed translucent door, exclusions: downstairs and goblin, Crazy Yiuf, Menkaure, Robin
D:5 exclusion: downstairs


Message History

Aiming: Magic Dart (safe; 1% risk of failure)
Press: ? - help, Shift-Dir - straight line, f - warg
Aim: a warg (flame, moderately wounded)
The magic dart hits the warg.
The warg is moderately wounded.
The warg is engulfed in blazing flames.
The warg bites you!
* * * LOW HITPOINT WARNING * * *
The warg is engulfed in blazing flames.
The warg barely misses you.
The warg is engulfed in blazing flames.
You kill the warg!
Your Conjurations skill increases to level 8!
An orc comes into view.
It is wielding a +0 dagger of protection.
The warg is engulfed in blazing flames.
Okay, then.
Evoke which item? (* to show all) (? for menu, Esc to quit)
Aiming: Paralyse
Press: ? - help, Shift-Dir - straight line, f - warg
Aim: a warg (lightly wounded, chance to defeat MR: 28%)
The warg easily resists.
The warg bites you!
You die...

≈≈ .
####.
...
.§)
#o#
#§#
#h#
#@#
##.#
##..#
##...#
#...##
##..##
##..##
##..##
##..##


You could see a warg and an orc.

Vanquished Creatures
  A hippogriff (D:7)
  A hungry ghost (D:7)
  3 wargs (D:8)
  3 ice beasts
  3 ogres
  2 sky beasts
  A phantom (D:5)
  2 centaurs
  4 bullfrogs
  A gnoll sergeant (D:5)
  2 scorpions
  3 wights (D:7)
  2 vampire bats (D:4)
  2 crimson imps
  A bullfrog zombie (D:5)
  A hound (D:5)
  A jelly (D:6)
  2 orc priests
  An iguana (D:7)
  3 worker ants
  3 orc wizards
  A hound zombie (D:7)
  2 hound skeletons
  A worker ant zombie (D:5)
  4 gnolls (D:5)
  A howler monkey skeleton (D:7)
  7 adders
  4 shadow imps
  4 adder skeletons
  2 worms
  2 dart slugs
  4 leopard geckos
  16 orcs
  15 bats
  6 giant cockroaches
  8 goblins
  10 hobgoblins
  4 jackals
  4 kobolds
  6 quokkas
  A ball python (D:7)
  5 frilled lizards
  A quokka skeleton (D:7)
  7 rats
157 creatures vanquished.

Notes
Turn   | Place    | Note
-------+----------+-------------------------------------------
     0 | D:1      | H0rd4k the Deep Elf Wizard began the quest for the Orb.
     0 | D:1      | Reached XP level 1. HP: 10/10 MP: 7/7
   168 | D:1      | Reached skill level 5 in Spellcasting
   184 | D:1      | Reached XP level 2. HP: 15/15 MP: 6/10
   847 | D:2      | Reached XP level 3. HP: 19/19 MP: 10/12
   851 | D:2      | Learned a level 2 spell: Blink
   855 | D:2      | Learned a level 3 spell: Conjure Flame
   859 | D:2      | Learned a level 3 spell: Mephitic Cloud
   908 | D:2      | Found a glowing golden altar of the Shining One.
  1347 | D:3      | Reached XP level 4. HP: 22/24 MP: 0/13
  1590 | D:3      | Reached skill level 6 in Spellcasting
  2147 | D:4      | Reached XP level 5. HP: 28/28 MP: 2/15
  2451 | D:4      | Noticed Menkaure
  2780 | D:4      | Reached skill level 7 in Spellcasting
  2792 | D:4      | Reached XP level 6. HP: 32/33 MP: 6/18
  2979 | D:4      | Found a runed translucent door.
  2979 | D:4      | Noticed Robin
  2980 | D:4      | Noticed Crazy Yiuf
  3183 | D:5      | Entered Level 5 of the Dungeon
  3616 | D:5      | Noticed a sky beast
  3622 | D:5      | Killed a sky beast
  3622 | D:5      | Reached skill level 1 in Fighting
  3622 | D:5      | Reached skill level 8 in Spellcasting
  3622 | D:5      | Reached XP level 7. HP: 38/38 MP: 6/20
  4205 | D:5      | Reached skill level 5 in Conjurations
  4343 | D:6      | Reached skill level 9 in Spellcasting
  4528 | D:6      | Reached XP level 8. HP: 43/43 MP: 0/23
  4712 | D:5      | Reached skill level 1 in Air Magic
  4816 | D:6      | Reached skill level 1 in Fire Magic
  4816 | D:6      | Reached skill level 1 in Poison Magic
  4841 | D:6      | Reached skill level 10 in Spellcasting
  4955 | D:6      | Found a shimmering blue altar of Sif Muna.
  5026 | D:6      | Got a bloodstained ring mail
  5442 | D:7      | Got an ichor-stained cloak
  5448 | D:7      | Identified the +1 cloak of Valour {rElec rF+} (You found it
                  | on level 7 of the Dungeon)
  5458 | D:7      | Identified the +1 ring mail of Uhydwown {rElec} (You found
                  | it on level 6 of the Dungeon)
  5480 | D:7      | Found a staircase to the Ecumenical Temple.
  5677 | D:7      | Found an opulent altar of Gozag.
  5686 | D:7      | Noticed a hippogriff
  5701 | D:7      | Killed a hippogriff
  5701 | D:7      | Reached skill level 11 in Spellcasting
  5792 | D:7      | Found a sparkling altar of Nemelex Xobeh.
  5833 | D:7      | Reached XP level 9. HP: 45/47 MP: 7/26
  6340 | D:7      | Learned a level 3 spell: Gell's Gravitas
  6777 | D:8      | Reached skill level 12 in Spellcasting
  6856 | D:8      | Slain by a warg

Levels and vault maps discovered:
D:1:      lightli_arrival_flooded_house, layout_basic, minivault_11
D:2:      layout_basic, tso_altar, minmay_fractal_squares_gapless_5
D:3:      layout_basic, first_ration
D:4:      layout_basic, roderic_batcave, grunt_ministairs_6, uniq_menkaure,
          uniq_crazy_yiuf_cottage, uniq_robin
D:5:      layout_loops_cross
D:6:      layout_rooms, nicolae_overflow_crystal_walls
D:7:      corexii_shack_village, layout_cave_pods, old_standard_altar,
          minmay_temple_entry_hall, serial_column_ruins,
          column_ruins_temple_circle, column_ruins_courtyard_long,
          column_ruins_open_large, column_ruins_open_small,
          column_ruins_corridor_water, column_ruins_grid_3, column_ruins_grid_1,
          column_ruins_open_small
D:8:      lemuel_castle_with_subvaults [lemuel_castle_interior_carwin_2],
          layout_layer_cave, xom_butterflies, basic_altar, serial_shops, shop,
          uniq_erica

Skill      XL: |  1  2  3  4  5  6  7  8  9 |
---------------+----------------------------+-----
Spellcasting   | 5 6 7 8 9 11 12 | 12.6
Dodging        | 3 4 |  4.3
Conjurations   | 2 3 4 5 7 8 |  8.0
Stealth        | 3 4 |  4.0
Fighting       | 1 |  1.2
Air Magic      | 1 |  1.3
Fire Magic     | 2 |  2.4
Poison Magic   | 1 |  1.4
Summonings     | |  1.1
Translocations | |  1.6

Action                   |  1- 3 |  4- 6 |  7- 9 || total
-------------------------+-------+-------+-------++-------
Melee: Unarmed           |     1 |     2 |     1 ||     4
 Cast: Magic Dart        |   100 |   144 |   325 ||   569
       Conjure Flame     |       |     5 |    23 ||    28
       Mephitic Cloud    |       |     2 |     7 ||     9
       Blink             |       |       |     3 ||     3
       Gell's Gravitas   |       |       |     5 ||     5
Evoke: Wand              |       |       |     1 ||     1
  Use: Potion            |     4 |       |       ||     4
       Scroll            |       |       |     5 ||     5
  Eat: Chunk             |     1 |     7 |     9 ||    17
Armor: Robe              |    22 |     9 |     8 ||    39
Dodge: Dodged            |    53 |    19 |    47 ||   119
